 Dungeon Crawl Stone Soup version 0.27-a0-965-gbf8bb431c4 (webtiles) character file.

Game seed: 13521184075560631754

501 leviel the Skirmisher (level 6, -2/56 HPs)
             Began as a Minotaur Fighter on Apr 12, 2021.
             Slain by a gnoll
             ... wielding a +2 spear of venom
              (4 damage)
             ... on level 4 of the Dungeon.
             The game lasted 00:02:57 (3496 turns).

leviel the Skirmisher (Minotaur Fighter)            Turns: 3496, Time: 00:02:58

Health: -2/56      AC:  7    Str: 21    XL:     6   Next: 95%
Magic:  5/5        EV:  9    Int:  5    God:
Gold:   89         SH: 10    Dex: 11    Spells: 5/5 levels left

rFire    . . .     SeeInvis .   r - +0 war axe (elec)
rCold    . . .     Faith    .   c - +0 kite shield
rNeg     . . .     Spirit   .   b - +0 scale mail
rPois    .         Reflect  .   (helmet restricted)
rElec    .         Harm     .   (no cloak)
rCorr    .         Rampage  .   (no gloves)
Will     .....                  (no boots)
Stlth    ..........             (no amulet)
HPRegen  0.18/turn              (no ring)
MPRegen  0.09/turn              (no ring)

@: lethally poisoned (-2 -> -7)
A: horns 2, retaliatory headbutt
a: no special abilities


You were on level 4 of the Dungeon.
You visited 1 branch of the dungeon, and saw 4 of its levels.

You collected 89 gold pieces.

Inventory:

Hand Weapons
 r - a +0 war axe of electrocution (weapon)
Armour
 b - a +0 scale mail (worn)
 c - a +0 kite shield (worn)
Jewellery
 g - a ring of willpower
Scrolls
 h - a scroll of enchant weapon {unknown}
 i - a scroll of identify {unknown}
 j - a scroll of holy word {unknown}
 l - a scroll of teleportation {unknown}
 q - a scroll of magic mapping {unknown}
 s - a scroll of fear {unknown}
Potions
 a - a potion of ambrosia {unknown}
 d - a potion of might
 e - a potion of haste {unknown}
 f - a potion of brilliance {unknown}
 k - a potion of cancellation {unknown}
 m - a potion of degeneration {unknown}
 n - a potion of invisibility {unknown}
 o - a potion of curing
 p - a potion of flight {unknown}


   Skills:
 + Level 5.3 Fighting
 + Level 4.5 Axes
 + Level 5.3 Armour
 + Level 3.3 Dodging
 + Level 5.3 Shields


You had 5 spell levels left.
You didn't know any spells.
Your spell library was empty.

Dungeon Overview and Level Annotations

Branches:
Dungeon (4/15)
 Temple: D:4-7

Altars:
Nemelex Xobeh
Trog


Innate Abilities, Weirdness & Mutations

You have a pair of horns on your head.
You reflexively headbutt those who attack you in melee.


Message History

The gnoll hits you from afar with a +2 spear of venom.
You hit the gnoll.
The gnoll is severely wounded.
The gnoll hits you with a +0 flail.
The gnoll hits you from afar with a +2 spear of venom!
You are poisoned.
You block the gnoll's attack.
You barely miss the gnoll.
The gnoll is severely wounded.
You feel very sick. You block the gnoll's attack.
The gnoll hits you with a +0 flail!
The gnoll hits you from afar with a +2 spear of venom.
* * * LOW HITPOINT WARNING * * *
You are lethally poisoned!
An iguana comes into view.
* * * LOW HITPOINT WARNING * * *
You feel very sick.
The iguana hisses angrily.
* * * LOW HITPOINT WARNING * * *
You feel very sick.
Found a sharpened fluorescent wand.
You hit the gnoll but do no damage.
The gnoll is severely wounded.
* * * LOW HITPOINT WARNING * * *
You feel very sick. You block the gnoll's attack. x2
You feel better.
The gnoll hits you from afar with a +2 spear of venom.
* * * LOW HITPOINT WARNING * * *
You are poisoned.
The gnoll hits you with a +0 flail.
* * * LOW HITPOINT WARNING * * *
You hit the gnoll.
You kill the gnoll!
* * * LOW HITPOINT WARNING * * *
You feel very sick. You block the gnoll's attack.
The iguana hisses menacingly.
The gnoll hits you from afar with a +2 spear of venom.
You die...

/. ... #######
##..#
##.....##....#..
#...............
#.....$.........
#._8_...........
#....)@l........
#......#....>#
##.#.wg##....#
#....)..(...#
####.<..##.##
##..... ..
#.........
#.........#
...........


You could see a worm, an iguana and a gnoll.

Vanquished Creatures
  Grinder (D:3)
  A black bear (D:3)
  A hound (D:3)
  An orc wizard (D:3)
  3 gnolls (D:4)
  2 adders
  8 worms
  5 dart slugs
  8 orcs (D:3)
  4 ball pythons
  4 endoplasms
  7 goblins
  10 hobgoblins
  7 jackals
  4 kobolds (D:2)
  3 quokkas
  6 bats
  5 frilled lizards
  7 rats
87 creatures vanquished.

Notes
Turn   | Place    | Note
-------+----------+-------------------------------------------
     0 | D:1      | leviel the Minotaur Fighter began the quest for the Orb.
     0 | D:1      | Reached XP level 1. HP: 19/19 MP: 0/0
   517 | D:1      | Reached XP level 2. HP: 23/27 MP: 1/1
   828 | D:1      | Reached skill level 1 in Dodging
   942 | D:2      | Reached XP level 3. HP: 33/33 MP: 2/2
  1334 | D:2      | Reached XP level 4. HP: 37/40 MP: 3/3
  2366 | D:3      | Noticed a black bear
  2370 | D:3      | Reached XP level 5. HP: 33/47 MP: 4/4
  2375 | D:3      | Killed a black bear
  2918 | D:3      | Noticed Grinder
  2928 | D:3      | Killed Grinder
  2929 | D:3      | Reached skill level 5 in Fighting
  2929 | D:3      | Reached skill level 5 in Armour
  2929 | D:3      | Reached skill level 5 in Shields
  2929 | D:3      | Reached XP level 6. HP: 19/56 MP: 5/5
  3463 | D:4      | Found a sparkling altar of Nemelex Xobeh.
  3463 | D:4      | Found a bloodstained altar of Trog.
  3496 | D:4      | HP: 2/56 [poisoned by a gnoll]
  3496 | D:4      | Slain by a gnoll

Illustrated notes

Levels and vault maps discovered:
D:1:      lightli_arrival_lavapool, layout_basic, ebering_dispersal_statue_hall
D:2:      minmay_razor_zed, layout_basic
D:3:      layout_loops_ring, uniq_grinder
D:4:      layout_cave_pools, cheibriados_altar_1, old_standard_altar,
          chequers_temple_overflow_statue_of_worship,
          minmay_temple_entry_slanted, kennysheep_cluttered_room,
          uniq_eustachio, uniq_natasha, uniq_sigmund

Skill      XL: |  1  2  3  4  5 |
---------------+----------------+-----
Dodging        | 1 2 3 |  3.3
Shields        | 4 5 |  5.3
Fighting       | 4 5 |  5.3
Armour         | 4 5 |  5.3
Axes           | 3 4 |  4.5

Action                   |  1- 3 |  4- 6 || total
-------------------------+-------+-------++-------
Melee: War axe           |    97 |   102 ||   199
       Headbutt          |    12 |    13 ||    25
  Use: Potion            |       |     1 ||     1
Armor: Scale mail        |    35 |    52 ||    87
Dodge: Dodged            |    32 |    38 ||    70
Block: Kite shield       |    41 |    51 ||    92

Table legend: (Time is in decaauts)
 A = Elapsed time spent in this place.
 B = Non-inter-level travel time spent in this place.
 C = Inter-level travel time spent in this place.
 D = Time resting spent in this place.
 E = Time spent auto-exploring this place.
 F = Levels seen in this place.
 G = Mean time per level.
                   A        B        C        D        E       F      G
               +--------+--------+--------+--------+--------+-----+--------+
         Total |   3606 |   3511 |     95 |    372 |   2628 |   4 |  901.5 |
       Dungeon |   3606 |   3511 |     95 |    372 |   2628 |   4 |  901.5 |
               +--------+--------+--------+--------+--------+-----+--------+

Top non-repeatable levels by time:
     D:2: 1402 daAuts
     D:3: 1286 daAuts
     D:1: 899 daAuts
     D:4: 18 daAuts
